 Dungeon Crawl Stone Soup version 0.18-a0-1514-g6ed9364 (webtiles) character file.

1288 Duffy the Carver (level 8, 0/58 HPs)
             Began as a Formicid Abyssal Knight on Mar 6, 2016.
             Was an Elder of Lugonu.
             Slain by Menkaure (7 damage)
             ... on level 6 of the Dungeon.
             The game lasted 00:08:24 (6493 turns).

Duffy the Carver (Formicid Abyssal Knight)          Turns: 6493, Time: 00:08:24

Health: 0/58       AC: 14    Str: 16    XL:     8   Next: 85%
Magic:  12/12      EV:  5    Int: 13    God:    Lugonu [****..]
Gold:   331        SH:  0    Dex: 12    Spells: 0 memorised, 7 levels left

rFire  . . .     SeeInvis +     a - +1 falchion
rCold  . . .     Gourm    .     s - +0 plate armour
rNeg   . . .     Faith    .     (no shield)
rPois  .         Spirit   .     (helmet unavailable)
rElec  .         Dismiss  .     y - +1 cloak
rCorr  +         Reflect  .     (no gloves)
SustAt .         Harm     .     (no boots)
MR     .....                    (no amulet)
Stlth  ..........               w - +2 ring of slaying
                                d - ring of resist corrosion

@: not resistant to hostile enchantments, extremely unstealthy
A: permanent stasis, dig shafts and tunnels, four strong arms, antennae 3
a: Dig, Shaft Self, Depart the Abyss, Bend Space, Banish, Corrupt, Renounce
Religion


You were on level 6 of the Dungeon.
You worshipped Lugonu.
Lugonu was greatly pleased with you.
You were very hungry.

You visited 1 branch of the dungeon, and saw 6 of its levels.
You visited the Abyss 1 time.

You collected 331 gold pieces.


Innate Abilities, Weirdness & Mutations

You are under a permanent stasis effect.
You can dig through walls and to a lower floor.
Your four strong arms can wield two-handed weapons with a shield.
You have a pair of large antennae on your head (SInv).


   Skills:
 - Level 3.2 Fighting
 + Level 8.1 Long Blades
 - Level 4.8 Armour
 - Level 0.8 Dodging
 + Level 6.1 Invocations


You had 7 spell levels left.
You didn't know any spells.

Inventory:

Hand Weapons
 a - a +1 falchion (weapon)
Missiles
 g - 37 poisoned needles
 t - 2 tomahawks (quivered)
Armour
 s - a +0 plate armour (worn)
 y - a +1 cloak (worn)
Jewellery
 d - a ring of resist corrosion (left hand)
 w - a +2 ring of slaying (right hand)
 x - a cursed -3 ring of dexterity {unknown}
 D - an uncursed ring of ice {unknown}
Wands
 u - a wand of paralysis (10/24)
Scrolls
 e - 2 scrolls of fear
 h - 2 scrolls of immolation {unknown}
 i - a scroll of enchant armour {unknown}
 j - 2 scrolls of random uselessness {unknown}
 r - 2 scrolls of remove curse {unknown}
 v - a scroll of magic mapping {unknown}
 B - a scroll of enchant weapon {unknown}
Potions
 b - a potion of flight {unknown}
 l - 2 potions of curing {unknown}
 m - a potion of cancellation
 n - a potion of might
 q - a potion of mutation {unknown}
 A - a potion of lignification
 C - a potion of heal wounds
Books
 z - a book of Spatial Translocations
Comestibles
 c - 5 bread rations
 f - 2 beef jerkies
 k - 8 fruits
 o - 2 slices of pizza
 p - 2 meat rations

Dungeon Overview and Level Annotations

Branches:
Dungeon (6/15)             Temple (0/1) D:6

Altars:
Fedhas
Pakellas

Shops:
D:5 [

Annotations:
D:6 Menkaure


Message History

You now have 331 gold pieces (gained 8).
Menkaure, Prince of Dust comes into view.
Menkaure shouts!
Menkaure calls on the powers of darkness!
Your body is wracked with pain!
You extend your mandibles.
You dig through the rock wall.
You dig through the rock wall.
You dig through the rock wall.
You start resting.
You sense a monster nearby.
You retract your mandibles.
You hit Menkaure.
Menkaure is moderately damaged.
Menkaure hits you.
You slash Menkaure!
Menkaure is heavily damaged.
You barely miss Menkaure.
Menkaure is heavily damaged.
Menkaure calls on the powers of darkness!
Your body is wracked with pain!
You hit Menkaure.
Menkaure is severely damaged.
Menkaure barely misses you.
You barely miss Menkaure.
Menkaure is severely damaged.
Menkaure hits you!
Your plate armour prevents you from hitting Menkaure.
Menkaure is severely damaged.
You hit Menkaure.
Menkaure is almost destroyed.
Menkaure hits you but does no damage.
You hit Menkaure but do no damage.
Menkaure is almost destroyed.
Menkaure hits you!
You die...

+ M.. # .. # .. #
#. ### ##### #..
##M##
....#####..###.#@#
...............###
.....#.#.#.#.#.#
...............#
.....#.......#.#
...............#
###..#...>...#.#
#............#
#..#.......#.#


You could see Menkaure.

Action                   |  1- 3 |  4- 6 |  7- 9 || total
-------------------------+-------+-------+-------++-------
Melee: Falchion          |    91 |   281 |   314 ||   686
Invok: Bend Space        |       |     2 |       ||     2
 Abil: Dig               |       |     4 |     7 ||    11
  Use: Scroll            |       |       |     4 ||     4
 Stab: Invisible         |       |       |     3 ||     3
  Eat: Chunk             |     1 |     9 |     9 ||    19

Notes
Turn   | Place    | Note
--------------------------------------------------------------
     0 | Abyss:1  | Duffy the Formicid Abyssal Knight began the quest for the Orb.
     0 | Abyss:1  | Reached XP level 1. HP: 18/18 MP: 2/2
    10 | D:1      | Escaped the Abyss
   156 | D:1      | Reached XP level 2. HP: 24/24 MP: 3/3
   256 | D:1      | Reached skill level 3 in Long Blades
   405 | D:1      | Reached ** piety under Lugonu
   810 | D:1      | Reached XP level 3. HP: 24/29 MP: 4/4
  1383 | D:2      | Reached skill level 4 in Long Blades
  1383 | D:2      | Reached XP level 4. HP: 18/35 MP: 5/5
  2272 | D:2      | Noticed Jessica
  2279 | D:2      | Killed Jessica
  2279 | D:2      | Reached XP level 5. HP: 33/41 MP: 6/6
  2642 | D:2      | Reached skill level 5 in Long Blades
  2943 | D:3      | Reached skill level 3 in Armour
  2947 | D:3      | Reached *** piety under Lugonu
  2947 | D:3      | Reached XP level 6. HP: 35/47 MP: 7/7
  2990 | D:3      | Noticed Terence
  3017 | D:3      | Killed Terence
  3343 | D:3      | Reached skill level 4 in Armour
  3806 | D:3      | Reached skill level 6 in Long Blades
  3806 | D:3      | Reached XP level 7. HP: 42/52 MP: 8/8
  3970 | D:4      | Reached **** piety under Lugonu
  4459 | D:4      | Noticed Dowan
  4469 | D:4      | Noticed Duvessa
  4488 | D:4      | Killed Duvessa
  4488 | D:4      | Reached skill level 3 in Invocations
  4509 | D:4      | Killed Dowan
  4754 | D:4      | Reached XP level 8. HP: 49/58 MP: 10/10
  4872 | D:4      | Reached skill level 7 in Long Blades
  4872 | D:4      | Reached skill level 4 in Invocations
  4942 | D:4      | Noticed Crazy Yiuf
  4955 | D:4      | Killed Crazy Yiuf
  5153 | D:5      | Entered Level 5 of the Dungeon
  5228 | D:4      | Found a blossoming altar of Fedhas.
  5374 | D:5      | Reached skill level 5 in Invocations
  5555 | D:5      | Found Sitruduq's Antique Armour Emporium.
  5777 | D:5      | Reached skill level 8 in Long Blades
  5855 | D:5      | Found an oddly glowing altar of Pakellas.
  5855 | D:5      | Noticed an orange crystal statue
  6019 | D:5      | Reached skill level 6 in Invocations
  6448 | D:6      | Found a staircase to the Ecumenical Temple.
  6472 | D:6      | Noticed Menkaure
  6493 | D:6      | Slain by Menkaure

Vault maps used:
D:1:      scummos_arrival_hexagon, kennysheep_crisscross, st_stairs_14,
          roderic_filled_cross, minmay_misc_feat_room
D:2:      uniq_jessica
D:3:      kennysheep_big_flooded_room, uniq_terence
D:4:      lemuel_upstairs_altar, first_bread, uniq_duvessa,
          uniq_crazy_yiuf_cottage
D:5:      gammafunk_pakellas_statue_experiment, serial_shops, shop,
          hangedman_abyss_or_decor_slice, grunt_ministairs_6,
          hangedman_minor_gate_pass
D:6:      minmay_temple_entry_glass, st_stairs_7, uniq_eustachio, uniq_grinder,
          uniq_menkaure

Vanquished Creatures
  Duvessa
  A sky beast
  A centaur Dowan
  A scorpion
  A water moccasin skeleton
  A howler monkey
  3 orc priests
  A gnoll shaman Crazy Yiuf
  A jelly Jessica Terence
  An iguana
  5 orc wizards
  2 worker ants
  A hound zombie
  A hound skeleton
  15 gnolls
  A howler monkey skeleton
  8 adders
  A shadow imp
  2 worms
  3 dart slugs
  4 giant geckos
  24 orcs
  4 giant cockroaches
  8 goblins
  10 hobgoblins
  8 jackals
  9 kobolds
  3 quokkas
  3 ball pythons
  A ball python skeleton
  7 bats
  5 giant newts
  7 rats
148 creatures vanquished.
